 Dungeon Crawl Stone Soup version 0.28.0-53-g5a82cb258f (webtiles) character file.

Game seed: 6945084229618629314

11928 buhh the Contemplative (level 11, -5/93 HPs)
             Began as an Octopode Transmuter on June 20, 2022.
             Was a Priest of Cheibriados.
             Slain by a merfolk
             ... wielding a +0 trident
              (10 damage)
             ... on level 2 of the Lair of Beasts.
             The game lasted 00:23:44 (13158 turns).

buhh the Contemplative (Octopode Transmuter)       Turns: 13158, Time: 00:23:44

Health: -5/93      AC: 14    Str: 17    XL:     11   Next: 85%
Magic:  14/19      EV: 11    Int: 28    God:    Cheibriados [***...]
Gold:   341        SH:  0    Dex: 27    Spells: 3/14 levels left

rFire   . . .      SeeInvis +     - Unarmed
rCold   + + +      Faith    .   (shield currently unavailable)
rNeg    . . .      Spirit   .   (helmet currently unavailable)
rPois   +          Reflect  .   s - amulet of the acrobat
rElec   .          Harm     .   d - +4 ring of protection
rCorr   .          Rampage  .   n - ring of protection from fire
Will    .....                   p - +6 ring of dexterity
Stlth   ++........              r - ring of see invisible
HPRegen 0.25/turn               (no ring)
MPRegen 0.16/turn               (no ring)
                                (no ring)
                                (no ring)

@: mighty, ice-form, attractive, studying Bows, very slow
A: freezing attack, boosted hp, almost no armour, amphibious, 8 rings, large,
(camouflage 1), (gelatinous body 1), (nimble swimmer 1), (tentacles)
a: End Transformation, Renounce Religion, Bend Time, Temporal Distortion


You were on level 2 of the Lair of Beasts.
You worshipped Cheibriados.
Cheibriados was most pleased with you.
You were a creature of crystalline ice.
You visited 3 branches of the dungeon, and saw 13 of its levels.

You collected 566 gold pieces.
You spent 225 gold pieces at shops.

Inventory:

Hand Weapons
 h - the +9 rapier of Benevolence (melded) {protect, rPois Will+ Stlth-}
   (You found it on level 2 of the Dungeon)

   It grants its wielder temporary protection when it strikes (+7 to AC).
   rPois:     It protects you from poison.
   Will:      It increases your willpower.
   Stlth:     It makes you less stealthy.
Missiles
 a - a throwing net {!f}
 u - 14 poisoned darts
 y - 6 curare-tipped darts
Magical Staves
 v - a staff of earth
Jewellery
 d - a +4 ring of protection (left front paw)
 n - a ring of protection from fire (right front paw)
 p - a +6 ring of dexterity (on tentacle)
 r - a ring of see invisible (on tentacle)
 s - an amulet of the acrobat (around neck)
Wands
 b - a wand of iceblast (17) (quivered)
 c - a wand of mindburst (10)
 j - a wand of charming (4)
 G - a wand of paralysis (2)
Scrolls
 g - a scroll of identify {!d}
 i - 2 scrolls of silence {!r}
 o - a scroll of acquirement {unknown}
 q - a scroll of noise
 x - 2 scrolls of vulnerability
 F - 2 scrolls of enchant weapon
 Q - a scroll of fog
 X - a scroll of amnesia
 Z - 3 scrolls of enchant armour
Potions
 e - a potion of berserk rage {unknown}
 f - a potion of might
 k - 2 potions of flight
 l - a potion of haste {unknown}
 m - 4 potions of attraction
 w - a potion of brilliance {unknown}
 J - 4 potions of magic {!q!d}
 N - 12 potions of curing {!q!d}
 U - 4 potions of mutation {!d}


   Skills:
 * Level 8.6 Fighting
 - Level 2.0 Dodging
 - Level 1.0 Stealth
 * Level 7.6 Unarmed Combat
 - Level 2.0 Spellcasting
 - Level 8.0 Transmutations
 - Level 8.0 Ice Magic
 - Level 11.0 Invocations


You had 3 spell levels left.
You knew the following spells:

 Your Spells              Type           Power      Damage    Failure   Level
a - Beastly Appendage     Tmut           94%        N/A       1%          1
b - Wereblood             Tmut           47%        N/A       1%          2
c - Spider Form           Tmut/Pois      25%        N/A       5%          3
d - Ice Form              Ice/Tmut       47%        N/A       3%          4
e - Apportation           Tloc           4%         N/A       9%          1

Your spell library contained the following spells:

 Spells                   Type           Power      Damage    Failure   Level
 Ensorcelled Hibernation  Hex/Ice        50%        N/A       2%          2
 Passwall                 Tmut/Erth      20%        N/A       2%          2
 Foxfire                  Conj/Fire      8%         2x1d4     9%          1
 Pain                     Necr           8%         1d4       9%          1
 Corpse Rot               Necr/Air       4%         N/A       14%         2
 Poisonous Vapours        Pois/Air       4%         N/A       14%         2
 Conjure Flame            Conj/Fire      2%         6-21      26%         3
 Inner Flame              Hex/Fire       2%         N/A       26%         3
 Swiftness                Air            2%         N/A       26%         3
 Petrify                  Tmut/Erth      25%        N/A       17%         4
 Alistair's Intoxication  Tmut/Pois      16%        N/A       43%         5
 Metabolic Englaciation   Hex/Ice        12%        N/A       43%         5
 Anguish                  Hex/Necr       1%         N/A       65%         4
 Flame Wave               Conj/Fire      2%         2d4       65%         4
 Iskenderun's Battlesphe  Conj           2%         2d6       94%         5
 Summon Forest            Summ/Tloc      1%         N/A       94%         5
 Summon Mana Viper        Hex/Summ       2%         N/A       94%         5
 Statue Form              Tmut/Erth      16%        N/A       95%         6
 Iron Shot                Conj/Erth      1%         9d1       100%        6
 Summon Cactus Giant      Summ           1%         N/A       100%        6
 Spellforged Servitor     Conj/Summ      1%         N/A       100%        7


Dungeon Overview and Level Annotations

Branches:
Dungeon (10/15)            Temple (1/1) D:4            Lair (2/6) D:10
 Shoals (0/4) Lair:2        Snake (0/4) Lair:2
    Orc: D:9-12

Altars:
Ashenzari
Cheibriados
Dithmenos
Fedhas
Hepliaklqana
Kikubaaqudgha
Makhleb
Okawaru
Qazlal
Sif Muna
Vehumet
Wu Jian
Xom
Yredelemnul
The Shining One

Shops:
D:2 :   D:8 :   D:9 *   D:10 *

Annotations:
D:8 Psyche
D:10 exclusion: gargoyle


Innate Abilities, Weirdness & Mutations

You are a creature of crystalline ice.
You have a powerful freezing melee attack.
Your maximum health is increased.
Your armour is entirely melded.
You are incapable of wielding weapons or throwing items.
You cannot wear most types of armour.
You are amphibious.
You can wear up to eight rings at the same time.
((Your skin changes colour to match your surroundings (Stealth+).))
((Your rubbery body absorbs attacks. (AC +1, EV +1)))
((You are camouflaged when in or above water. (Stealth+)))
((You have tentacles for arms and can constrict up to eight enemies at once.))


Message History

The merfolk hits you from afar with a +0 trident! x2
* * * LOW HITPOINT WARNING * * *
The merfolk siren chants its luring song.
Activating: Slouch (1% risk of failure)
Press: ? - help, Dir - look around, f - activate You can feel time thicken for a moment.
You are no longer entranced.
You kill the merfolk siren!
Cheibriados appreciates the change of pace.
You hear a splash.
You can no longer inflict damage on those overly hasty.
Cheibriados lowers the support of your attributes as your movement quickens.
The merfolk hits you from afar with a +0 trident!
* * * LOW HITPOINT WARNING * * *
The merfolk hits you from afar with a +0 trident.
* * * LOW HITPOINT WARNING * * *
Okay, then.
Unknown command.
Okay, then.
It was a potion of attraction.
You feel attractive to monsters.
The merfolk closely misses you. x2; The merfolk is attracted toward you.
You feel very mighty all of a sudden.
The merfolk hits you but does no damage.
The merfolk is attracted toward you.
You pummel the merfolk!! You freeze the merfolk!
You kill the merfolk!
Cheibriados appreciates the change of pace.
The merfolk hits you but does no damage.
You punch the merfolk! You freeze the merfolk.
The merfolk is heavily wounded.
The merfolk hits you with a +0 trident!
* * * LOW HITPOINT WARNING * * *
You barely miss the merfolk.
The merfolk is heavily wounded.
The merfolk closely misses you.
You punch the merfolk! You freeze the merfolk.
The merfolk is almost dead.
The merfolk hits you with a +0 trident!
You die...

.........
#....#....
#.#≈
......#...
#.>≈
..........
.#≈#
PP...#....
#.≈≈
..........
#..≈##
......#
#.≈.#
##...##
#..m##
#....#
#Y)###
##...#
#.)..#
#...#
#...### .
#....#
#...#.###..
#...##
##.........
.....#
#..........
......
##.....###
..# .....##
###.....##
..... .....
##.P......#
.....#


You could see a merfolk.

Vanquished Creatures
  2 hydras
  Erica (Lair:2)
  A two-headed ogre (D:9)
  Sonja (D:10)
  2 merfolk sirens (Lair:2)
  2 cane toads (Lair:1)
  A merfolk (Lair:2)
  A spriggan (Lair:1)
  A vampire (D:10)
  A shadow (D:9)
  10 yaks (Lair:1)
  2 wraiths
  A basilisk (Lair:1)
  3 wyverns
  2 steam dragons (D:8)
  4 nagas (Lair:2)
  7 water moccasins
  A sky beast (D:8)
  An orc warrior (D:8)
  4 black bears
  3 ogres
  3 phantoms
  3 kobold brigands
  6 bullfrogs
  A wyvern skeleton (D:7)
  4 scorpions
  4 killer bees (D:9)
  10 wights (D:7)
  A howler monkey (D:7)
  5 jellies
  An orc priest (D:8)
  4 hounds
  3 bullfrog skeletons
  2 gnoll shamans
  2 iguanas
  3 orc wizards
  A hound zombie (D:5)
  2 hound skeletons
  4 adders
  11 gnolls
  A howler monkey skeleton (D:7)
  A shadow imp (D:8)
  An ufetubus (D:5)
  A dart slug (D:2)
  21 orcs
  8 ball pythons
  6 endoplasms
  8 giant cockroaches
  6 goblins
  7 hobgoblins
  4 jackals
  7 quokkas
  7 bats
  7 frilled lizards
  26 kobolds
  9 rats
241 creatures vanquished.

Vanquished Creatures (others)
  2 fungi
  7 plants
9 creatures vanquished.

Grand Total: 250 creatures vanquished

Notes
Turn   | Place    | Note
-------+----------+-------------------------------------------
     0 | D:1      | buhh the Octopode Transmuter began the quest for the Orb.
     0 | D:1      | Reached XP level 1. HP: 13/13 MP: 3/3
   174 | D:1      | Reached XP level 2. HP: 17/19 MP: 3/5
   563 | D:1      | Found a faded altar of an unknown god.
   583 | D:1      | Got Plato's Papyrus of Darkness
   620 | D:1      | Reached XP level 3. HP: 21/25 MP: 4/6
  1025 | D:2      | Identified the +9 rapier of Benevolence {protect, rPois
                  | Will+ Stlth-}
  1390 | D:2      | Reached XP level 4. HP: 32/32 MP: 7/7
  1657 | D:2      | Found Cepacer's Book Shoppe.
  1897 | D:2      | Reached XP level 5. HP: 25/38 MP: 8/8
  2426 | D:3      | Reached XP level 6. HP: 45/45 MP: 9/9
  2760 | D:4      | Noticed a black bear
  2766 | D:3      | Learned a level 2 spell: Wereblood
  2770 | D:3      | Learned a level 3 spell: Spider Form
  2814 | D:4      | Killed a black bear
  2815 | D:4      | Reached XP level 7. HP: 40/50 MP: 7/10
  3218 | D:4      | Found a staircase to the Ecumenical Temple.
  3654 | D:4      | Reached XP level 8. HP: 51/55 MP: 8/11
  3870 | Temple   | Entered the Ecumenical Temple
  3897 | Temple   | Became a worshipper of Cheibriados the Contemplative
  3939 | D:5      | Entered Level 5 of the Dungeon
  3983 | D:5      | Found a glowing golden altar of the Shining One.
  3986 | D:5      | Found a shimmering altar of Xom.
  3989 | D:5      | Found a stormy altar of Qazlal.
  3999 | D:5      | Found a blossoming altar of Fedhas.
  4347 | D:5      | Reached skill level 1 in Invocations
  4620 | D:5      | Reached skill level 2 in Invocations
  4722 | D:5      | Reached skill level 3 in Invocations
  5393 | D:6      | You fall into a shaft and drop 1 floor!
  5438 | D:7      | Reached skill level 4 in Invocations
  5450 | D:7      | Reached * piety under Cheibriados
  5457 | D:7      | Reached XP level 9. HP: 40/61 MP: 12/12
  5663 | D:7      | Reached skill level 5 in Invocations
  6222 | D:6      | Reached skill level 6 in Invocations
  6312 | D:6      | Reached ** piety under Cheibriados
  6964 | D:7      | Learned a level 4 spell: Ice Form
  7309 | D:7      | Noticed a troll
  7313 | D:7      | Learned a level 1 spell: Apportation
  7537 | D:8      | Reached skill level 7 in Invocations
  7882 | D:8      | Found Esashre's Book Shop.
  7971 | D:8      | Reached XP level 10. HP: 54/66 MP: 10/15
  7975 | D:8      | Reached skill level 8 in Invocations
  8571 | D:9      | Reached *** piety under Cheibriados
  8808 | D:9      | Identified the +11 spear of the Warrior {vamp, Str+4}
  8871 | D:9      | Noticed Psyche
  9730 | D:9      | Reached skill level 9 in Invocations
  9774 | D:9      | Found Fimisakh's CLEARANCE SALE!.
  9784 | D:9      | Bought a wand of mindburst (5) for 45 gold pieces
  9788 | D:9      | Noticed a two-headed ogre
  9798 | D:9      | Killed a two-headed ogre
  9950 | D:10     | Entered Level 10 of the Dungeon
 10019 | D:10     | Noticed Sonja
 10036 | D:10     | Killed Sonja
 10037 | D:10     | Reached skill level 10 in Invocations
 10121 | D:10     | Noticed a gargoyle
 10290 | D:10     | Found Kiluusouph's General Store.
 10295 | D:10     | Bought a wand of iceblast (3) for 84 gold pieces
 10295 | D:10     | Bought a scroll of identify for 24 gold pieces
 10295 | D:10     | Bought 2 potions of curing for 72 gold pieces
 10582 | D:10     | Found a staircase to the Lair.
 10682 | Lair:1   | Entered Level 1 of the Lair of Beasts
 10690 | Lair:1   | Reached skill level 11 in Invocations
 10771 | Lair:1   | Noticed a cane toad
 10779 | Lair:1   | Killed a cane toad
 10975 | Lair:1   | Noticed a cane toad
 10991 | Lair:1   | Reached XP level 11. HP: 72/72 MP: 16/19
 11140 | Lair:1   | Noticed a four-headed hydra
 11153 | Lair:1   | Killed a four-headed hydra
 11154 | Lair:1   | Reached **** piety under Cheibriados
 12240 | Lair:2   | Noticed Erica
 12250 | Lair:2   | Killed Erica
 12265 | Lair:2   | HP: 3/92 [naga/+0 halberd (15)]
 12823 | Lair:2   | Found a staircase to the Snake Pit.
 13078 | Lair:2   | Noticed a seven-headed hydra
 13084 | Lair:2   | Killed a seven-headed hydra
 13139 | Lair:2   | Found a staircase to the Shoals.
 13156 | Lair:2   | HP: 4/93 [merfolk/+0 trident (10)]
 13158 | Lair:2   | Slain by a merfolk

Illustrated notes

Levels and vault maps discovered:
D:1:      dpeg_arrival_rooms_with_view, layout_basic,
          shapermc_ecumenical_altar_rom_forum
D:2:      layout_loops_ring, serial_shops, nicolae_lakefront_shop, serial_bayou,
          serial_bayou_shore_b, serial_bayou_lake_a, serial_bayou_pond_c,
          serial_bayou_ford_a, hangedman_decor_diamond_cutter,
          minmay_divided_ellipse
D:3:      layout_basic
D:4:      layout_cave_pools, minmay_temple_entry_grid, minmay_crossroads
D:5:      layout_gridville, grunt_temple_overflow_cloverleaf
D:6:      layout_basic, gup_sewer_entry_bubbles, chequers_serial_rivers_marsh,
          chequers_serial_rivers_micro_b
D:7:      layout_basic, minmay_manual_monstrance
D:8:      layout_basic, serial_shops, nicolae_shop_competitors_out_of_business,
          minmay_misc_feat_more_columns, kennysheep_diamond
D:9:      layout_basic, nicolae_shop_clearance, uniq_psyche, uniq_harold
D:10:     layout_long_grid, lair_entry_dummy, serial_shops, shop,
          nicolae_sextant, uniq_sonja
Temple:   eino_narrow_crystal_temple
Lair:1:   layout_cellular_growth, nicolae_lair_grove_arrangements,
          grunt_forest_large_clearing_hut
Lair:2:   layout_chaotic_city, elwin_shoals_entry_stream,
          minmay_snake_entry_guardpost_small, nicolae_volcano_entry_lava_flow,
          uniq_erica

Skill      XL: |  1  2  3  4  5  6  7  8  9 10 11 |
---------------+----------------------------------+-----
Stealth        | 1 |  1.0
Fighting       | 2 3 4 5 8 |  8.6
Transmutations | 3 5 7 8 |  8.0
Invocations    | 4 7 11 | 11.0
Ice Magic      | 4 7 8 |  8.0
Unarmed Combat | 4 7 |  7.6
Dodging        | |  2.0
Spellcasting   | |  2.0

Action                   |  1- 3 |  4- 6 |  7- 9 | 10-12 || total
-------------------------+-------+-------+-------+-------++-------
Melee: Unarmed           |    54 |     8 |   129 |   248 ||   439
       Kick              |    14 |     1 |     8 |       ||    23
       Constrict         |    19 |    10 |    44 |     1 ||    74
       Tentacles         |    10 |    10 |    30 |       ||    50
       Punch             |     3 |     2 |    15 |       ||    20
       Rapier            |    17 |    61 |   175 |     3 ||   256
 Cast: Beastly Appendage |    18 |     1 |     3 |       ||    22
       Spider Form       |       |     1 |     6 |       ||     7
       Wereblood         |       |       |     1 |     3 ||     4
       Ice Form          |       |       |     8 |    29 ||    37
       Apportation       |       |       |     1 |     1 ||     2
Invok: Bend Time         |       |       |       |     2 ||     2
       Slouch            |       |       |       |     1 ||     1
Evoke: Wand              |       |       |       |    19 ||    19
  Use: Scroll            |       |    10 |     3 |     9 ||    22
       Potion            |       |       |     3 |     3 ||     6
 Stab: Sleeping          |     3 |     2 |     4 |     2 ||    11
       Paralysed         |       |       |       |     6 ||     6
Armor: Skin              |     9 |    35 |   108 |    91 ||   243
Dodge: Dodged            |    41 |    73 |   257 |   168 ||   539
